 Dungeon Crawl Stone Soup version 0.22.1-2-g9c5b331383 (webtiles) character file.

152 VirusNighthawk the Sneak (level 5, -11/27 HPs)
             Began as a Spriggan Assassin on Nov 15, 2018.
             Mangled by a gnoll
             ... wielding a +0 halberd
              (13 damage)
             ... on level 3 of the Dungeon.
             The game lasted 00:04:12 (1798 turns).

VirusNighthawk the Sneak (Spriggan Assassin)        Turns: 1798, Time: 00:04:12

Health: -11/27     AC:  3    Str:  7    XL:     5   Next: 11%
Magic:  6/6        EV: 19    Int: 13    God:
Gold:   81         SH:  0    Dex: 18    Spells: 4/4 levels left

rFire    . . .     SeeInvis +   a - +2 dagger
rCold    . . .     Gourm    .   (shield restricted)
rNeg     . . .     Faith    .   q - +0 robe
rPois    .         Spirit   .   (helmet restricted)
rElec    .         Reflect  .   d - +0 cloak
rCorr    .         Harm     .   (gloves unavailable)
MR       .....                  (boots unavailable)
Stlth    ++++......             (no amulet)
HPRegen  0.09/turn              (no ring)
MPRegen  0.10/turn              (no ring)

@: very quick
A: very small, unfitting armour, see invisible, herbivore, speed 3, slow
metabolism 2
a: no special abilities


You were on level 3 of the Dungeon.
You were not hungry.

You visited 1 branch of the dungeon, and saw 3 of its levels.

You collected 81 gold pieces.

Inventory:

Hand Weapons
 a - a +2 dagger (weapon)
 b - a +0 blowgun
Missiles
 e - 8 poisoned needles
 f - 2 curare-tipped needles
Armour
 c - a +0 robe
 d - a +0 cloak (worn)
 q - a +0 robe (worn)
Jewellery
 o - an uncursed amulet of magic regeneration {unknown}
Wands
 l - a wand of paralysis (18)
Scrolls
 i - 2 scrolls of magic mapping
 m - 2 scrolls of immolation {unknown}
 n - a scroll of identify
Potions
 h - a potion of curing {unknown}
 j - a potion of cancellation
 k - 2 potions of berserk rage {unknown}
 p - a potion of mutation {unknown}
Comestibles
 g - 5 rations


   Skills:
 + Level 2.3 Fighting
 * Level 4.1 Short Blades
 - Level 2.0 Throwing
 + Level 3.3 Dodging
 + Level 6.8 Stealth


You had 4 spell levels left.
You didn't know any spells.
Your spell library was empty.

Dungeon Overview and Level Annotations

Branches:
Dungeon (3/15)

Altars:
Fedhas
Nemelex Xobeh


Innate Abilities, Weirdness & Mutations

You are very small and have problems with some larger weapons.
You are too small for most types of armour.
You have supernaturally acute eyesight. (SInv)
You are a herbivore.
You cover ground extremely quickly.
You need to consume almost no food.


Message History

You are too injured to fight recklessly!
You are too injured to fight recklessly!
You are too injured to fight recklessly!
You are too injured to fight recklessly!
The gnoll hits you.
You hit the gnoll.
The gnoll is heavily wounded.
The gnoll misses you.
You completely miss the gnoll.
The gnoll is heavily wounded.
You hit the gnoll.
The gnoll is heavily wounded.
The gnoll hits you!
* * * LOW HITPOINT WARNING * * *
The gnoll misses you.
You hit the gnoll.
The gnoll is severely wounded.
The gnoll misses you.
The gnoll hits you from afar with a halberd!
You die...

#......##.....# #.## #.#...
#......##.....######..####.#†..
#...[........#.................
#......#...........##.####.#...
#......#........†..##.## #.#...
########...........^...# #.#...
#######.####.##.# #.#†.. #.#
#.##.###.#### #@# #.##.....#...
########g####.##.###.#.##
.......gg.....##..##.#.#
..............###.##.#.#
..............# #..#.#.#
..............# ##.#.#.#
..............# #.#.#.#
..............# #...#.#
..............# ##..#.#


You could see 3 gnolls.

Vanquished Creatures
  A phantom (D:2)
  2 adders
  An ooze (D:1)
  A worm (D:2)
  A dart slug (D:2)
  3 leopard geckos
  A ball python (D:2)
  3 giant cockroaches
  8 goblins
  3 hobgoblins
  3 bats
  4 frilled lizards
  A kobold (D:1)
  10 rats
42 creatures vanquished.

Notes
Turn   | Place    | Note
-------+----------+-------------------------------------------
     0 | D:1      | VirusNighthawk the Spriggan Assassin began the quest for
                  | the Orb.
     0 | D:1      | Reached XP level 1. HP: 10/10 MP: 2/2
   130 | D:1      | Reached skill level 6 in Stealth
   217 | D:1      | Reached XP level 2. HP: 12/15 MP: 3/3
   770 | D:2      | Found a sparkling altar of Nemelex Xobeh.
   783 | D:2      | Noticed a phantom
   786 | D:2      | Killed a phantom
   786 | D:2      | Reached XP level 3. HP: 18/18 MP: 4/4
   786 | D:2      | Reached XP level 4. HP: 23/23 MP: 5/5
  1376 | D:3      | Reached XP level 5. HP: 23/27 MP: 6/6
  1402 | D:3      | Found a blossoming altar of Fedhas.
  1798 | D:3      | Mangled by a gnoll

Skill      XL: |  1  2  3  4 |
---------------+-------------+-----
Stealth        | 6 |  6.8
Dodging        | 3 |  3.3
Fighting       | 2 |  2.3
Short Blades   | 3 4 |  4.1
Throwing       | |  2.0

Action                   |  1- 3 |  4- 6 || total
-------------------------+-------+-------++-------
Melee: Dagger            |    71 |    66 ||   137
  Use: Scroll            |     3 |       ||     3
 Stab: Sleeping          |     6 |    14 ||    20
Armor: Robe              |    18 |     4 ||    22
Dodge: Dodged            |    69 |    35 ||   104
